 Dungeon Crawl Stone Soup version 0.30-a0-918-g0ff054e9dc (webtiles) character file.

Game seed: 226050263936458060

2305 bobarctor the Magician (level 9, -1/85 HPs)
             Began as a Demonspawn Necromancer on Mar 21, 2023.
             Was an Initiate of Kikubaaqudgha.
             Slain by a vampire mosquito (4 damage)
             ... on level 6 of the Dungeon.
             The game lasted 00:31:01 (7089 turns).

bobarctor the Magician (Demonspawn Necromancer)     Turns: 7089, Time: 00:31:02

Health: -1/85      AC: 24    Str:  9    XL:     9   Next: 18%
Magic:  16/19      EV:  2    Int: 20    God:    Kikubaaqudgha [......]
Gold:   314        SH:  0    Dex: 14    Spells: 3/22 levels left

rFire   + + .      SeeInvis .    z - +6 war axe of the Tiger {flame, rElec rF+ rN+}
rCold   + . .      Faith    .    (no shield)
rNeg    + . .      Spirit   .    a - melded +0 robe
rPois   +          Reflect  .    (helmet currently unavailable)
rElec   +          Rampage  .    (cloak currently unavailable)
rCorr   +          Clarity  +    g - melded +0 pair of gloves
Will    .....      NoTele   +    (boots currently unavailable)
Stlth   +++                      (no amulet)
HPRegen 0.34/turn                (no ring)
MPRegen 0.16/turn                (no ring)

@: mighty, tree-form, resistant, hasted, very quick
A: stationary, stasis, torment immunity, boosted hp, (claws 1), (molten scales
1), ignite blood 1, demonic magic 2, clarity, wild magic 1
a: Renounce Religion


You were on level 6 of the Dungeon.
You worshipped Kikubaaqudgha.
Kikubaaqudgha was noncommittal.
You were a tree.
You visited 2 branches of the dungeon, and saw 7 of its levels.

You collected 314 gold pieces.

Inventory:

Hand Weapons
 q - a +1 morningstar of venom
 s - a +3 dagger
 z - the +6 war axe of the Tiger (weapon) {flame, rElec rF+ rN+}
   (You found it on level 4 of the Dungeon)

   rF:        It protects you from fire.
   rElec:     It insulates you from electricity.
   rN:        It protects you from negative energy.
Missiles
 p - 3 poisoned darts
 C - 5 boomerangs
Armour
 a - a +0 robe (melded)
 g - a +0 pair of gloves (melded)
Wands
 x - a wand of flame (33)
 F - a wand of quicksilver (6)
Scrolls
 e - 4 scrolls of identify {unknown}
 f - 5 scrolls of enchant armour {unknown}
 h - 5 scrolls of teleportation
 i - 2 scrolls of immolation {unknown}
 j - a scroll of amnesia {unknown}
 n - a scroll of magic mapping {unknown}
 r - 3 scrolls of poison {unknown}
 u - 2 scrolls of noise {unknown}
 w - a scroll of brand weapon {unknown}
 y - 3 scrolls of enchant weapon {unknown}
Potions
 b - 2 potions of magic
 c - 2 potions of lignification
 l - a potion of invisibility {unknown}
 m - 2 potions of cancellation
 o - a potion of might
 t - a potion of curing
 v - 2 potions of attraction {unknown}
 A - a potion of heal wounds {unknown}
 B - a potion of resistance
 D - a potion of degeneration {unknown}
 E - a potion of berserk rage {unknown}


   Skills:
 + Level 3.7 Dodging
 + Level 4.0 Stealth
 * Level 7.1 Spellcasting
 + Level 6.5 Necromancy
 * Level 4.2 Translocations
 + Level 0.8 Transmutations
 + Level 0.8 Air Magic
 * Level 4.1 Poison Magic


You had 3 spell levels left.
You knew the following spells:

 Your Spells              Type           Power      Damage    Failure   Level
a - Necrotise             Necr           100%       1d9       1%          1
b - Sting                 Tmut/Pois      88%        1d7       5%          1
c - Poisonous Vapours     Pois/Air       44%        N/A       8%          2
d - Vampiric Draining     Necr           43%        2d9       3%          3
e - Lesser Beckoning      Tloc           62%        N/A       4%          2
f - Teleport Other        Tloc           31%        N/A       8%          3
g - Agony                 Necr           43%        N/A       24%         5
h - Sublimation of Blood  Necr           43%        N/A       1%          2

Your spell library contained the following spells:

 Spells                   Type           Power      Damage    Failure   Level
 Gell's Gravitas          Tloc           31%        N/A       8%          3
 Freeze                   Ice            36%        1d5       14%         1
 Frozen Ramparts          Ice            18%        1d3       36%         3
 Hailstorm                Conj/Ice       9%         3d4       36%         3
 Animate Dead             Necr           43%        N/A       10%         4
 Passage of Golubria      Tloc           31%        N/A       22%         4
 Olgreb's Toxic Radiance  Pois           30%        N/A       24%         4
 Silence                  Hex/Air        5%         N/A       95%         5
 Lehudib's Crystal Spear  Conj/Erth      4%         10d3      100%        8


Dungeon Overview and Level Annotations

Branches:
Dungeon (6/15)             Temple (1/1) D:4

Altars:
Ashenzari
Cheibriados
Dithmenos
Fedhas
Gozag
Hepliaklqana
Kikubaaqudgha
Makhleb
Nemelex Xobeh
Okawaru
Ru
Sif Muna
Trog
Uskayaw
Vehumet
Wu Jian
Xom
Yredelemnul

Shops:
D:5 :

Annotations:
D:6 4 runed translucent doors


Innate Abilities, Weirdness & Mutations

You are a tree.
Your roots penetrate the ground, keeping you stationary.
You cannot be teleported.
You are immune to unholy pain and torment.
Your maximum health is greatly increased.
Your equipment is partially melded.
((You have sharp fingernails.))
((You are partially covered in molten scales. (AC +2)))
Your demonic aura sometimes causes spilled blood to erupt in flames.
Spells you cast may paralyse nearby enemies.
You possess an exceptional clarity of mind.
Your spells are a little harder to cast, but a little more powerful.


Message History

* * * LOW HITPOINT WARNING * * *
The vampire mosquito draws strength from your injuries!
The vampire mosquito bites you.
* * * LOW HITPOINT WARNING * * *
The vampire mosquito draws strength from your injuries!
It was a potion of curing.
You feel better. The vampire mosquito bites you!
* * * LOW HITPOINT WARNING * * *
The vampire mosquito draws strength from your injuries!
The vampire mosquito bites you but does no damage.
It was a potion of resistance.
You feel protected.
The vampire mosquito bites you but does no damage.
The vampire mosquito bites you.
* * * LOW HITPOINT WARNING * * *
It was a potion of might.
You feel very mighty all of a sudden.
The vampire mosquito bites you but does no damage. x2
Okay, then.
Casting: Vampiric Draining (safe; 1% risk of failure)
Confirm with . or Enter, or press ? or * to list all spells.
You can't see any susceptible monsters within range! (Use Z to cast anyway.) Unknown command.
Okay, then.
Unknown command.
Kikubaaqudgha calls piteous wretches from the earth!
You can no longer bring forth the wretched and dying.
A giant cockroach comes into view.
The vampire mosquito barely misses you.
The vampire mosquito bites you but does no damage.
It was a potion of mutation.
You feel extremely strange.
You feel less in control of your magic.
Your thoughts seem clearer.
The vampire mosquito bites you but does no damage.
The vampire mosquito bites you.
* * * LOW HITPOINT WARNING * * *
The vampire mosquito draws strength from your injuries!
It was a potion of haste.
You feel yourself speed up.
A nearby giant cockroach perishes wretchedly.
The vampire mosquito bites you.
You die...
Kikubaaqudgha rasps: "You have failed me!
Welcome... death!"

......y### #.# #
#... y.. ##'###
#..##.# ##...#.
#$..## ##..<...
#†##.## ##.......
#.#...####........
#y.......'........
#y#...####........
#♣##.## ##.......
#.†.## ##......
###.# ######...##
#.# #...[....##
#.# #.#####....
#.# #.# #..## #.#
#.#####..## #.#
##.##.......
##.###...†......#


You could see 2 vampire mosquitoes.

Vanquished Creatures
  A vampire mosquito (D:6)
  2 water moccasins (D:6)
  4 black bears
  3 ogres
  2 phantoms
  8 scorpions
  A killer bee (D:6)
  2 howler monkeys
  2 jellies
  4 hounds
  A gnoll bouda (D:5)
  A sleepcap (D:5)
  Jessica (D:2)
  5 iguanas
  Terence (D:2)
  4 gnolls
  6 adders
  A white imp (D:6)
  An ufetubus (D:5)
  A worm (D:3)
  2 orcs (D:5)
  9 bats
  4 endoplasms
  5 giant cockroaches
  8 goblins
  4 hobgoblins
  2 jackals (D:2)
  3 quokkas
  4 ball pythons
  5 frilled lizards
  7 kobolds
  7 rats
  A butterfly (D:6)
112 creatures vanquished.

Vanquished Creatures (collateral kills)
  A rat (D:1)
1 creature vanquished.

Vanquished Creatures (others)
  A giant cockroach (D:6)
  7 plants (D:1)
8 creatures vanquished.

Grand Total: 121 creatures vanquished

Notes
Turn   | Place    | Note
-------+----------+-------------------------------------------
     0 | D:1      | bobarctor the Demonspawn Necromancer began the quest for
                  | the Orb.
     0 | D:1      | Reached XP level 1. HP: 13/13 MP: 3/3
    78 | D:1      | Learned a level 1 spell: Sting
   459 | D:1      | Found a faded altar of an unknown god.
   666 | D:1      | Gained mutation: You have sharp fingernails. [demonic
                  | ancestry]
   666 | D:1      | Reached XP level 2. HP: 19/19 MP: 0/5
   739 | D:1      | Learned a level 2 spell: Poisonous Vapours
  1312 | D:2      | Gained mutation: Spells you cast may paralyse adjacent
                  | enemies. [demonic ancestry]
  1312 | D:2      | Reached XP level 3. HP: 24/24 MP: 4/6
  1359 | D:2      | Noticed Jessica
  1383 | D:1      | Learned a level 3 spell: Vampiric Draining
  1468 | D:2      | Killed Jessica
  1469 | D:2      | Reached skill level 3 in Spellcasting
  1469 | D:2      | Reached skill level 5 in Necromancy
  1469 | D:2      | Reached skill level 1 in Poison Magic
  1563 | D:2      | Noticed Terence
  1572 | D:2      | Killed Terence
  1573 | D:2      | Reached XP level 4. HP: 30/30 MP: 1/8
  1709 | D:2      | Learned a level 2 spell: Lesser Beckoning
  2155 | D:3      | Reached XP level 5. HP: 35/35 MP: 6/10
  3125 | D:4      | Noticed an ogre
  3136 | D:4      | Killed an ogre
  3137 | D:4      | Reached skill level 4 in Spellcasting
  3251 | D:4      | Identified the +6 war axe of the Tiger {flame, rElec rF+
                  | rN+}
  3319 | D:4      | Noticed a black bear
  3330 | D:4      | Gained mutation: Your demonic aura sometimes causes spilled
                  | blood to erupt in flames. [demonic ancestry]
  3330 | D:4      | Reached XP level 6. HP: 34/41 MP: 10/12
  3553 | D:4      | Reached skill level 1 in Translocations
  3645 | D:4      | Found a burning altar of Makhleb.
  3736 | D:4      | Found a staircase to the Ecumenical Temple.
  3755 | Temple   | Entered the Ecumenical Temple
  3755 | Temple   | Found a transporter.
  3755 | Temple   | Found a transporter.
  3758 | Temple   | Found a transporter.
  3758 | Temple   | Found a transporter.
  3785 | Temple   | Became a worshipper of Kikubaaqudgha
  4116 | D:5      | Entered Level 5 of the Dungeon
  4131 | D:5      | Reached skill level 5 in Spellcasting
  4131 | D:5      | Reached XP level 7. HP: 11/46 MP: 14/14
  4957 | D:5      | Found Yjai's Book Shop.
  5442 | D:5      | Gained mutation: You are partially covered in molten
                  | scales. (AC +2) [demonic ancestry]
  5442 | D:5      | Reached XP level 8. HP: 28/52 MP: 16/16
  5800 | D:6      | Found a large runed translucent door.
  5800 | D:6      | Found a large runed translucent door.
  5815 | D:6      | Found a large runed translucent door.
  5815 | D:6      | Found a large runed translucent door.
  5816 | D:6      | Noticed a cyclops
  5844 | D:6      | Learned a level 3 spell: Teleport Other
  5850 | D:6      | Learned a level 5 spell: Agony
  6020 | D:6      | Found a runed translucent door.
  6022 | D:6      | Found a runed translucent door.
  6148 | D:6      | Reached skill level 6 in Spellcasting
  6575 | D:6      | Reached * piety under Kikubaaqudgha
  6575 | D:6      | Received a gift from Kikubaaqudgha
  6579 | D:6      | Learned a level 2 spell: Sublimation of Blood
  6642 | D:6      | Gained mutation: Spells you cast may paralyse nearby
                  | enemies. [demonic ancestry]
  6642 | D:6      | Reached XP level 9. HP: 43/57 MP: 12/19
  7073 | D:6      | Reached skill level 7 in Spellcasting
  7088 | D:6      | Gained mutation: Your spells are a little harder to cast,
                  | but a little more powerful. [potion of mutation]
  7088 | D:6      | Gained mutation: You possess an exceptional clarity of
                  | mind. [potion of mutation]
  7088 | D:6      | HP: 2/85 [vampire mosquito (6)]
  7089 | D:6      | Slain by a vampire mosquito

Illustrated notes

Levels and vault maps discovered:
D:1:      saegor_arrival_fortress, layout_basic,
          shapermc_ecumenical_altar_mp_ritualfount, minivault_19,
          nicolae_grassy_gnolls
D:2:      layout_basic, uniq_jessica, uniq_terence
D:3:      layout_basic, minmay_puff
D:4:      layout_loops_ring, makhleb_heckhound_becter,
          minmay_temple_entry_arrows, nicolae_eternal_life
D:5:      layout_loops_corners, serial_shops, nicolae_shop_behind_doors,
          hangedman_decor_push
D:6:      lemuel_insect_pit, layout_loops_corners, tso_metal_star,
          serial_park_tiny_pond, minmay_hollow_rounded_squares,
          uniq_crazy_yiuf_cottage
Temple:   hellmonk_temple_divided_pantheon

Skill      XL: |  1  2  3  4  5  6  7  8  9 |
---------------+----------------------------+-----
Spellcasting   | 3 4 5 6 7 |  7.1
Necromancy     | 5 6 |  6.5
Poison Magic   | 1 2 3 4 |  4.1
Stealth        | 2 3 4 |  4.0
Dodging        | 2 3 |  3.7
Translocations | 1 3 4 |  4.2
Transmutations | |  0.8
Air Magic      | |  0.8

Action                     |  1- 3 |  4- 6 |  7- 9 || total
---------------------------+-------+-------+-------++-------
  Melee: Unarmed           |     4 |       |       ||     4
         Dagger            |     7 |    54 |       ||    61
         War axe           |       |    42 |   111 ||   153
         Morningstar       |       |     1 |       ||     1
         Punch             |       |       |     2 ||     2
   Cast: Necrotise         |    48 |    24 |    29 ||   101
         Poisonous Vapours |     2 |       |     5 ||     7
         Sting             |       |     5 |     7 ||    12
         Vampiric Draining |       |     1 |    10 ||    11
 Invoke: Unearth Wretches  |       |       |     1 ||     1
    Use: Scroll            |       |     1 |       ||     1
         Potion            |       |       |     7 ||     7
   Stab: Paralysed         |       |     5 |     3 ||     8
         Distracted        |       |     1 |     1 ||     2
         Sleeping          |       |     6 |     1 ||     7
 Armour: Robe              |     4 |    12 |    37 ||    53
         Skin              |       |       |    12 ||    12
  Dodge: Dodged            |    13 |    76 |   110 ||   199

Table legend: (Time is in decaauts)
 A = Elapsed time spent in this place.
 B = Non-inter-level travel time spent in this place.
 C = Inter-level travel time spent in this place.
 D = Time resting spent in this place.
 E = Time spent auto-exploring this place.
 F = Levels seen in this place.
 G = Mean time per level.
                   A        B        C        D        E       F      G
               +--------+--------+--------+--------+--------+-----+--------+
         Total |   7167 |   7080 |     87 |   1351 |   4534 |   7 | 1023.9 |
       Dungeon |   7120 |   7033 |     87 |   1351 |   4534 |   6 | 1186.7 |
        Temple |     47 |     47 |      0 |      0 |      0 |   1 |   47.0 |
               +--------+--------+--------+--------+--------+-----+--------+

Top non-repeatable levels by time:
     D:5: 1451 daAuts
     D:6: 1386 daAuts
     D:1: 1217 daAuts
     D:4: 1199 daAuts
     D:3: 1022 daAuts
     D:2: 842 daAuts
  Temple: 47 daAuts
